 Dungeon Crawl Stone Soup version 0.21.1-1-g345015f (webtiles) character file.

2720 nicolaieve the Cleaver (level 9, -1/79 HPs)
             Began as a Minotaur Berserker on June 28, 2018.
             Was a Priest of Trog.
             Killed from afar by an electric eel (10 damage)
             ... with a bolt of electricity
             ... on level 6 of the Dungeon.
             The game lasted 00:32:57 (4852 turns).

nicolaieve the Cleaver (Minotaur Berserker)         Turns: 4852, Time: 00:32:57

Health: -1/79      AC: 17    Str: 26    XL:     9   Next: 39%
Magic:  8/8        EV:  6    Int:  4    God:    Trog [***...]
Gold:   273        SH: 12    Dex:  9    Spells: 8/8 levels left

rFire    + . .     SeeInvis .   a - +0 hand axe
rCold    + + .     Gourm    .   J - +2 shield of Resistance {rF+ rC+ MR+}
rNeg     . . .     Faith    .   o - +0 plate armour
rPois    .         Spirit   .   (helmet restricted)
rElec    .         Reflect  .   G - +0 cloak
rCorr    +         Harm     .   B - +1 pair of gloves
MR       +....                  (no boots)
Stlth    ..........             (no amulet)
HPRegen  0.23/turn              d - ring of protection from cold
MPRegen  0.11/turn              y - ring of resist corrosion

@: about to teleport
A: retaliatory headbutt, horns 2
a: Berserk, Trog's Hand, Burn Spellbooks, Renounce Religion


You were on level 6 of the Dungeon.
You worshipped Trog.
Trog was most pleased with you.
You were not hungry.

You visited 1 branch of the dungeon, and saw 6 of its levels.
You also visited: Sewer.

You collected 273 gold pieces.

Inventory:

Hand Weapons
 a - a +0 hand axe (weapon)
 j - a +0 whip of venom
 D - a +0 war axe
Armour
 o - a +0 plate armour (worn)
 B - a +1 pair of gloves (worn)
 G - a +0 cloak (worn)
 J - the +2 shield of Resistance (worn) {rF+ rC+ MR+}
   (You found it on level 6 of the Dungeon)

   It protects you from fire.
   It protects you from cold.
   It affects your resistance to hostile enchantments.
Jewellery
 b - an uncursed amulet of faith {unknown}
 d - a ring of protection from cold (left hand)
 y - a ring of resist corrosion (right hand)
 F - an uncursed ring of protection from fire {unknown}
Wands
 f - a wand of flame (40)
Scrolls
 e - 3 scrolls of enchant armour
 i - 2 scrolls of teleportation
 k - a scroll of remove curse
 r - 2 scrolls of fear
 s - a scroll of enchant weapon {unknown}
 v - a scroll of amnesia {unknown}
 z - a scroll of fog {unknown}
 A - a scroll of immolation {unknown}
 C - 3 scrolls of magic mapping {unknown}
 I - a scroll of summoning {unknown}
Potions
 g - 2 potions of mutation
 h - 2 potions of degeneration {unknown}
 l - a potion of flight {unknown}
 m - 2 potions of magic {unknown}
 n - a potion of might {unknown}
 p - a potion of haste {unknown}
 q - 4 potions of curing
 t - 3 potions of brilliance
 w - a potion of berserk rage {unknown}
 x - a potion of resistance {unknown}
 E - 4 potions of agility {unknown}
Comestibles
 c - 11 rations


   Skills:
 + Level 7.2 Fighting
 * Level 11.8 Axes
 + Level 7.4 Armour
 - Level 2.1 Dodging
 * Level 4.1 Shields


You had 8 spell levels left.
You didn't know any spells.

Dungeon Overview and Level Annotations

Branches:
Dungeon (6/15)             Temple (0/1) D:5

Altars:
Fedhas
Kikubaaqudgha
Xom
Zin

Shops:
D:4 [

Annotations:
D:6 1 transporter


Innate Abilities, Weirdness & Mutations

You reflexively headbutt those who attack you in melee.
You have a pair of horns on your head.


Message History

* * * LOW HITPOINT WARNING * * *
The bolt of electricity hits the electric eel.
The electric eel completely resists.
The bolt of electricity hits the electric eel.
The electric eel completely resists.
The bolt of electricity hits you!
* * * LOW HITPOINT WARNING * * *
Okay, then.
Unknown command.
As you read the scroll of teleportation, it crumbles to dust.
You feel strangely unstable.
Unknown command.
The electric eel shoots out a bolt of lightning at you!
The bolt of electricity hits you!
* * * LOW HITPOINT WARNING * * *
The bolt of electricity hits you!
* * * LOW HITPOINT WARNING * * *
The bolt of electricity hits the plant.
The electric eel shoots out a bolt of lightning at you!
The bolt of electricity hits you!
You die...

#).###......## #.# ##.##
#............# ##.# ##.##
##...........# #..####.##
##.####.)....#####..##..#####
##.#####..........[..........# ##
..........##.###############.###)
........####.#8P#;≈≈≈≈≈≈#P8#.#..)
.......####..#..#..PP≈PP#..#...##
......## #..©#©.@..;♣≈≈≈+$©#©..##
###...####...#..#..≈≈≈≈≈#..#..##
##.......#.#8P#;≈≈≈≈≈≈#P8#.##
#.........###############[#
#########.................#
###### ###.######..##########
.....# #..## ##...........
.....## ##..# #...........
###...## ##..# #....##.....


You could see 3 electric eels.

Vanquished Creatures
  The ghost of olivier the Chopper, a novice GrFi (D:6)
  The ghost of olivier the Shield-Bearer, an amateur MiFi of Elyvilon (D:3)
  Menkaure (D:5)
  Edmund (D:5)
  A water moccasin (D:6)
  A sky beast (D:5)
  An ice beast (D:6)
  An orc warrior (D:6)
  3 ogres
  2 centaurs (D:5)
  2 bullfrogs
  A scorpion (D:6)
  3 howler monkeys (D:5)
  5 wights (D:6)
  A bullfrog zombie (D:6)
  5 hounds
  A jelly (D:6)
  An orc priest (D:6)
  An iguana (D:6)
  6 worker ants
  3 orc wizards (D:6)
  A worker ant zombie (D:6)
  4 gnolls (D:3)
  7 adders
  A river rat (D:3)
  5 worms
  2 dart slugs
  5 leopard geckos
  15 orcs
  5 bats
  7 giant cockroaches
  4 goblins
  5 hobgoblins
  2 jackals (D:6)
  2 quokkas (D:2)
  5 ball pythons
  7 frilled lizards
  8 kobolds
  A leopard gecko skeleton (D:4)
  5 rats
133 creatures vanquished.

Notes
Turn   | Place    | Note
-------+----------+-------------------------------------------
     0 | D:1      | nicolaieve the Minotaur Berserker began the quest for the Orb.
     0 | D:1      | Reached XP level 1. HP: 19/19 MP: 0/0
   176 | D:1      | Reached skill level 4 in Axes
   202 | D:1      | Reached XP level 2. HP: 27/27 MP: 1/1
   393 | D:2      | Reached skill level 5 in Axes
   393 | D:2      | Reached XP level 3. HP: 16/33 MP: 2/2
   484 | D:2      | Reached XP level 4. HP: 26/40 MP: 3/3
   536 | D:2      | Reached ** piety under Trog
  1072 | D:3      | Reached skill level 6 in Axes
  1076 | D:3      | Reached XP level 5. HP: 47/47 MP: 4/4
  1106 | D:3      | Noticed olivier's ghost (amateur MiFi)
  1135 | D:3      | Killed olivier's ghost
  1135 | D:3      | Reached skill level 7 in Axes
  1135 | D:3      | Reached XP level 6. HP: 33/55 MP: 5/5
  1182 | D:3      | Reached skill level 5 in Fighting
  1430 | D:3      | Found a glowing drain.
  1444 | Sewer    | Entered a sewer
  1845 | D:4      | Found a shimmering altar of Xom.
  1978 | D:4      | Found Zyfulul's Antique Armour Boutique.
  2014 | D:4      | Reached skill level 8 in Axes
  2241 | D:4      | Found a glowing silver altar of Zin.
  2304 | D:4      | Reached XP level 7. HP: 59/61 MP: 6/6
  2471 | D:5      | Entered Level 5 of the Dungeon
  2516 | D:5      | Found an ancient bone altar of Kikubaaqudgha.
  2670 | D:5      | Reached skill level 9 in Axes
  2829 | D:5      | HP: 3/61 [something (5)]
  2832 | D:5      | HP: 1/91 [something (6)]
  2836 | D:5      | Reached skill level 5 in Armour
  3141 | D:5      | Noticed Edmund
  3149 | D:5      | Killed Edmund
  3149 | D:5      | Reached XP level 8. HP: 70/70 MP: 7/7
  3167 | D:5      | Noticed Menkaure
  3176 | D:5      | Killed Menkaure
  3176 | D:5      | Reached skill level 10 in Axes
  3177 | D:5      | Found a staircase to the Ecumenical Temple.
  3470 | D:5      | Found a faded altar of an unknown god.
  3681 | D:6      | Found the +2 shield of Resistance {rF+ rC+ MR+}
  3716 | D:6      | Found a transporter.
  3755 | D:6      | Reached skill level 1 in Shields
  3822 | D:6      | Found a transporter.
  3833 | D:6      | Reached *** piety under Trog
  3857 | D:6      | Found a blossoming altar of Fedhas.
  4084 | D:6      | Reached skill level 11 in Axes
  4180 | D:6      | Noticed olivier's ghost (novice GrFi)
  4184 | D:6      | Reached XP level 9. HP: 76/78 MP: 8/8
  4197 | D:6      | Killed olivier's ghost
  4852 | D:6      | Killed from afar by an electric eel

Skill      XL: |  1  2  3  4  5  6  7  8  9 |
---------------+----------------------------+-----
Axes           | 4 5 6 7 8 9 11 | 11.8
Fighting       | 4 5 6 7 |  7.2
Armour         | 3 5 6 7 |  7.4
Shields        | 2 4 |  4.1
Dodging        | |  2.1

Action                   |  1- 3 |  4- 6 |  7- 9 || total
-------------------------+-------+-------+-------++-------
Melee: Hand axe          |    36 |   163 |   206 ||   405
       Headbutt          |     3 |    30 |    57 ||    90
Invok: Berserk           |     1 |     3 |     6 ||    10
       Trog's Hand       |       |     2 |     2 ||     4
       Burn Spellbooks   |       |       |     1 ||     1
  Use: Scroll            |       |       |    11 ||    11
  Eat: Chunk             |       |    10 |     9 ||    19
       Ration            |       |       |     2 ||     2
Armor: Animal skin       |     8 |       |       ||     8
       Plate armour      |     3 |    85 |    92 ||   180
Dodge: Dodged            |    25 |    54 |    39 ||   118
Block: Shield            |       |       |    58 ||    58
